 Dungeon Crawl Stone Soup version 0.13-a0-3016-gcb2faac (webtiles) character file.

679 PolkaDot the Stinger (level 6, -2/41 HPs)
             Began as a Vampire Venom Mage on Sept 12, 2013.
             Was an Initiate of Sif Muna.
             Slain by Menkaure (24 damage)
             ... on Level 5 of the Dungeon.
             The game lasted 00:20:30 (4739 turns).

PolkaDot the Stinger (Vampire Venom Mage)           Turns: 4739, Time: 00:20:30

HP  -2/41        AC  2     Str  7      XL: 6   Next: 79%
MP  13/13        EV 18     Int 19      God: Sif Muna [......]
Gold 216         SH  0     Dex 19      Spells:  4 memorised,  1 level left

Res.Fire  : . . .   See Invis. : +   u - +0,+1 short sword
Res.Cold  : + . .   Warding    : .   a - +0 robe
Life Prot.: + + .   Conserve   : .   (no shield)
Res.Poison: +       Res.Corr.  : .   (no helmet)
Res.Elec. : .       Clarity    : .   (no cloak)
Sust.Abil.: . .     Spirit.Shd : .   (no gloves)
Res.Mut.  : .       Stasis     : .   (no boots)
Res.Rott. : +       Flight     : .   (no amulet)
Saprovore : . . .                    (no ring)
                                     f - ring of wizardry

@: regenerating slowly, agile, slightly resistant to hostile enchantments, very
stealthy
A: bottle blood, fangs 3, see invisible, unbreathing
a: Bat Form, Bottle Blood, Renounce Religion


You were on level 5 of the Dungeon.
You worshipped Sif Muna.
Sif Muna was pleased with you.
You were thirsty.

You visited 2 branches of the dungeon, and saw 6 of its levels.

You collected 196 gold pieces.

Inventory:

Hand weapons
 u - a +0,+1 short sword (weapon)
Armour
 a - a +0 robe (worn)
Magical devices
 s - a wand of disintegration (21)
Scrolls
 d - a scroll of identify
 j - a scroll of curse jewellery
 l - a scroll of fear
 m - a scroll of remove curse
 n - a scroll of amnesia {unknown}
 q - a scroll of recharging
Jewellery
 f - a ring of wizardry (left hand)
 i - an uncursed ring of teleportation
Potions
 c - a potion of paralysis
 e - 2 potions of curing
 g - a potion of flight
 h - 2 potions of restore abilities
 k - a potion of magic
 o - 2 potions of heal wounds
Books
 b - a Young Poisoner's Handbook

   Spells                             Type                      Level
   *Sting                             Conjuration/Poison           1
   *Cure Poison                       Poison                       2
   *Mephitic Cloud                    Conjuration/Poison/Air       3
   *Olgreb's Toxic Radiance           Poison                       4
   Venom Bolt                         Conjuration/Poison           5


   Skills:
 - Level 2.1 Dodging
 - Level 3.0 Stealth
 - Level 3.2 Spellcasting
 - Level 0.7 Conjurations
 + Level 1.3 Air Magic
 * Level 6.4 Poison Magic


You had one spell level left.
You knew the following spells:

 Your Spells              Type           Power        Failure   Level  Hunger
a - Sting                 Conj/Pois      ###.         1%          1    None
d - Mephitic Cloud        Conj/Pois/Air  ##......     5%          3    ###....
q - Cure Poison           Pois           ####......   1%          2    ##.....
s - Olgreb's Toxic Radia  Pois           ####....     4%          4    ####...


Dungeon Overview and Level Annotations

Branches:
Dungeon (5/27)             Temple (1/1) D:5

Altars:
Ashenzari
Cheibriados
Elyvilon
Kikubaaqudgha
Nemelex Xobeh
Sif Muna
Trog
Vehumet
Xom
Zin
the Shining One

Annotations:
D:5 Menkaure


Innate Abilities, Weirdness & Mutations

You heal slowly.
You can bottle blood from corpses.
You have razor-sharp teeth.*
You have supernaturally acute eyesight.
You can survive without breathing.*


Message History

It was a potion of agility.
Menkaure calls on the powers of darkness!
Your body is wracked with pain!
You hit Menkaure.
Menkaure is moderately damaged.
Menkaure hits you.
You barely miss Menkaure.
Menkaure is lightly damaged.
You hit Menkaure but do no damage.
Menkaure is lightly damaged.
Menkaure mumbles some strange words.
Menkaure seems to speed up.
You hit Menkaure.
Menkaure is moderately damaged.
Menkaure misses you. Menkaure closely misses you.
You hit Menkaure. You bite Menkaure, but do no damage.
Menkaure is moderately damaged.
Menkaure hits you!
Ouch! That really hurt!
You die...

........#..#.#.#
###
.........#######
.....#.#..# #
###...##
#.#....#
#.#.#### ##.#.#
#.#### ##@M.#
#####


You could see Menkaure.

Vanquished Creatures
  An ogre (D:4)
  The ghost of disskorpion the Firebug, a weakling DEFE (D:3)
  2 hounds (D:4)
  2 scorpions
  A worker ant (D:4)
  Jessica (D:3)
  An ogre skeleton (D:4)
  6 adders
  2 giant mites (D:3)
  A worm (D:4)
  A giant gecko (D:2)
  16 orcs
  3 ball pythons
  9 bats
  6 hobgoblins
  6 jackals
  8 kobolds
  2 quokkas
  7 giant cockroaches
  A giant newt (D:2)
  10 goblins
  A quokka skeleton (D:4)
  8 rats
96 creatures vanquished.

Notes
Turn   | Place    | Note
--------------------------------------------------------------
     0 | D:1      | PolkaDot, the Vampire Venom Mage, began the quest for the Orb.
     0 | D:1      | Reached XP level 1. HP: 13/13 MP: 4/4
   366 | D:1      | Reached XP level 2. HP: 19/19 MP: 2/5
   437 | D:1      | Learned a level 2 spell: Cure Poison
   948 | D:1      | Reached skill level 4 in Poison Magic
  1087 | D:2      | Reached XP level 3. HP: 21/24 MP: 2/7
  2000 | D:3      | Noticed disskorpion's ghost (weakling DEFE)
  2028 | D:3      | Killed disskorpion's ghost
  2028 | D:3      | Reached XP level 4. HP: 30/30 MP: 9/9
  2129 | D:3      | Noticed Jessica
  2141 | D:3      | Killed Jessica
  2254 | D:3      | Reached skill level 5 in Poison Magic
  2527 | D:3      | Learned a level 4 spell: Olgreb's Toxic Radiance
  2713 | D:3      | Reached XP level 5. HP: 35/35 MP: 6/10
  3173 | D:4      | Noticed an ogre
  3193 | D:5      | Entered Level 5 of the Dungeon
  3213 | D:5      | Found a staircase to the Ecumenical Temple.
  3223 | Temple   | Entered the Ecumenical Temple
  3472 | Temple   | Became a worshipper of Sif Muna the Loreminder
  3855 | D:4      | Killed an ogre
  3855 | D:4      | Reached skill level 6 in Poison Magic
  3855 | D:4      | Reached XP level 6. HP: 41/41 MP: 7/13
  3860 | D:4      | Learned a level 3 spell: Mephitic Cloud
  4376 | D:4      | Reached skill level 1 in Air Magic
  4730 | D:5      | Noticed Menkaure
  4739 | D:5      | Slain by Menkaure

Action                   |  1- 3 |  4- 6 || total
-------------------------+-------+-------++-------
Melee: Unarmed           |     5 |       ||     5
       Dagger            |    54 |     2 ||    56
       Short sword       |       |    79 ||    79
 Cast: Sting             |    45 |    91 ||   136
       Olgreb's Toxic Ra |       |     4 ||     4
       Cure Poison       |       |     4 ||     4
       Mephitic Cloud    |       |     1 ||     1
 Abil: End Transformatio |     1 |       ||     1
       Bat Form          |     1 |       ||     1
Evoke: Wand              |     1 |       ||     1
  Use: Potion            |       |     3 ||     3
       Scroll            |       |    15 ||    15
 Stab: Sleeping          |     6 |     4 ||    10
